 Dungeon Crawl Stone Soup version 0.23.2-40-g277498a001 (webtiles) character file.

Game seed: 2411448421179361394

518 H0rd4k the Cutter (level 7, 0/51 HPs)
             Began as a Human Artificer on Aug 23, 2019.
             Was an Initiate of Gozag.
             Slain by a bog mummy (10 damage)
             ... in an ossuary.
             The game lasted 00:09:34 (5413 turns).

H0rd4k the Cutter (Human Artificer)                 Turns: 5413, Time: 00:09:34

Health: 0/51       AC:  8    Str: 14    XL:     7   Next: 45%
Magic:  9/9        EV: 13    Int: 11    God:    Gozag
Gold:   514        SH:  0    Dex: 14    Spells: 6/6 levels left

rFire    . . .     SeeInvis .   o - +2 dagger (venom)
rCold    . . .     Gourm    .   (no shield)
rNeg     . . .     Faith    .   b - +0 leather armour
rPois    .         Spirit   .   G - +2 hat
rElec    .         Reflect  .   (no cloak)
rCorr    .         Harm     .   (no gloves)
MR       .....                  j - +2 pair of boots
Stlth    ++........             B - amulet of magic regeneration
HPRegen  0.17/turn              t - ring of flight
MPRegen  0.36/turn              (no ring)

@: about to teleport, very slightly contaminated, slowed, very slow
A: no striking features
a: Potion Petition, Call Merchant, Bribe Branch, Renounce Religion, Evoke Flight


You were in an ossuary.
You worshipped Gozag.
Gozag was pleased with you.
You were hungry.

You visited 2 branches of the dungeon, and saw 6 of its levels.
You also visited: Ossuary.

You collected 547 gold pieces.
You paid 33 gold pieces to Gozag.

Inventory:

Hand Weapons
 a - a +0 short sword
 o - a +2 dagger of venom (weapon)
Missiles
 H - 4 tomahawks (quivered)
Armour
 b - a +0 leather armour (worn)
 g - a +0 helmet
 j - a +2 pair of boots (worn)
 G - a +2 hat (worn)
Jewellery
 t - a ring of flight (left hand)
 B - an amulet of magic regeneration (around neck)
Wands
 c - a wand of flame (14)
 d - a wand of enslavement (15)
 e - a wand of random effects (14)
Scrolls
 h - a scroll of teleportation
 i - 6 scrolls of identify
 k - a scroll of fog
 l - 5 scrolls of remove curse
 n - a scroll of magic mapping
 r - a scroll of amnesia
Potions
 m - a potion of heal wounds
 q - a potion of curing {unknown}
 s - 4 potions of agility {unknown}
 w - a potion of cancellation {unknown}
 z - a potion of invisibility {unknown}
 A - 2 potions of lignification {unknown}
 C - a potion of haste {unknown}
 D - a potion of resistance {unknown}
Comestibles
 f - 3 rations


   Skills:
 + Level 2.7 Fighting
 + Level 4.1 Short Blades
 + Level 3.4 Armour
 + Level 3.1 Dodging
 + Level 2.7 Stealth
 + Level 3.3 Evocations


You had 6 spell levels left.
You didn't know any spells.
Your spell library was empty.

Dungeon Overview and Level Annotations

Branches:
Dungeon (5/15)             Temple (1/1) D:4

Altars:
Cheibriados
Dithmenos
Elyvilon
Fedhas
Gozag
Makhleb
Okawaru
Qazlal
Ru
Sif Muna
Trog
Vehumet
Wu Jian
Yredelemnul
The Shining One

Annotations:
D:1 exclusion: downstairs


Message History

The bog mummy barely misses you. The mummy hits you!
* * * LOW HITPOINT WARNING * * *
There is an open door, spattered with blood here.
Unknown command.
The bog mummy points at you and mumbles some strange words.
You feel yourself slow down. The bog mummy hits you!
* * * LOW HITPOINT WARNING * * *
Okay, then.
You feel much better. The bog mummy casts a spell at you.
You feel as though you will be slow longer.
The bog mummy hits you!
You have no spells to forget!
As you read the scroll of teleportation, it crumbles to dust.
You feel strangely unstable. The bog mummy hits you!
* * * LOW HITPOINT WARNING * * *
There is a gate leading back out of this place here.
The bog mummy hits you!
You die...
Your body crumbles into a pile of gold.

*****
####≈≈≈*************
***≈≈≈≈*,*,*,*,*,*,*,*
*≈≈≈#≈≈#+*+*≈*+*+*+*+***
**≈≈≈#...,≈≈≈,,,,,,,,+,*
*≈≈*##≈≈#####,*****,***
*≈≈*#.≈M#§.§#,*,,,*,+,*
*****#≈≈≈M§M@#,*,,,+,***
*≈*≈*#..≈#§M§#≈*,,,*,+,*
**≈*≈##≈≈#####≈*****,***
*≈≈≈#..≈≈,*,+,+,*,+,+,*
*≈*#≈##≈*****≈*****,***
**≈≈#≈,M.*,,,*≈*,,,*≈+,**
*≈**#≈≈≈≈+,,,*≈*,,,+,**≈*
*≈≈***,.≈*,,,*≈*,,,*≈+,≈*
**≈≈***≈≈*****,*****≈*≈**


You could see 2 bog mummies.

Vanquished Creatures
  An orc wizard (D:4)
  3 orc priests (D:4)
  An iguana (D:4)
  Natasha (twice) (D:3)
  A mummy (D:5)
  10 adders
  8 gnolls
  2 oozes
  5 worms
  A dart slug (D:3)
  2 leopard geckos (D:3)
  9 orcs (D:4)
  5 giant cockroaches
  20 goblins
  14 hobgoblins
  2 jackals (D:1)
  9 kobolds
  2 quokkas
  2 ball pythons
  8 bats
  3 frilled lizards
  12 rats
122 creatures vanquished.

Vanquished Creatures (others)
  2 withered plants (Ossuary)
2 creatures vanquished.

Grand Total: 124 creatures vanquished

Notes
Turn   | Place    | Note
-------+----------+-------------------------------------------
     0 | D:1      | H0rd4k the Human Artificer began the quest for the Orb.
     0 | D:1      | Reached XP level 1. HP: 15/15 MP: 3/3
   174 | D:1      | Reached XP level 2. HP: 21/21 MP: 4/4
   689 | D:2      | Reached XP level 3. HP: 26/26 MP: 5/5
  1074 | D:2      | Reached skill level 1 in Armour
  1074 | D:2      | Reached XP level 4. HP: 32/32 MP: 6/6
  1476 | D:2      | Found a blossoming altar of Fedhas.
  1555 | D:3      | Reached skill level 2 in Short Blades
  1592 | D:3      | Reached XP level 5. HP: 24/37 MP: 7/7
  2108 | D:3      | Found an opulent altar of Gozag.
  2140 | D:3      | Became a worshipper of Gozag Ym Sagoz the Greedy
  2398 | D:2      | Reached XP level 6. HP: 5/44 MP: 8/8
  2852 | D:3      | Found a deep blue altar of Sif Muna.
  2985 | D:3      | Noticed Natasha
  3022 | D:3      | Killed Natasha
  3022 | D:3      | Reached skill level 3 in Short Blades
  3229 | D:3      | Found a burning altar of Makhleb.
  3229 | D:3      | Noticed a cacodemon
  3232 | D:3      | Noticed a ynoxinul
  3232 | D:3      | Noticed a hellwing
  3285 | D:3      | Noticed Natasha
  3297 | D:3      | Killed Natasha
  3465 | D:4      | Found an iron altar of Okawaru.
  3502 | D:4      | Found a sacrificial altar of Ru.
  3846 | D:4      | Found a staircase to the Ecumenical Temple.
  4113 | Temple   | Entered the Ecumenical Temple
  4414 | D:4      | Reached XP level 7. HP: 34/51 MP: 9/9
  4507 | D:4      | Reached skill level 4 in Short Blades
  5342 | D:5      | Entered Level 5 of the Dungeon
  5365 | D:5      | Found a sand-covered staircase.
  5394 | Ossuary  | Entered an ossuary
  5413 | Ossuary  | Slain by a bog mummy

Skill      XL: |  1  2  3  4  5  6  7 |
---------------+----------------------+-----
Armour         | 1 2 3 |  3.4
Short Blades   | 2 3 4 |  4.1
Stealth        | 2 |  2.7
Fighting       | 2 |  2.7
Dodging        | 3 |  3.1
Evocations     | |  3.3

Action                   |  1- 3 |  4- 6 |  7- 9 || total
-------------------------+-------+-------+-------++-------
Melee: Short sword       |    64 |       |       ||    64
       Dagger            |    41 |   308 |    96 ||   445
Evoke: Wand              |     1 |     1 |       ||     2
  Use: Scroll            |       |       |    13 ||    13
       Potion            |       |       |     1 ||     1
 Stab: Sleeping          |     2 |     2 |       ||     4
       Distracted        |       |       |     1 ||     1
  Eat: Chunk             |       |     4 |       ||     4
       Ration            |       |     3 |       ||     3
Armor: Leather armour    |    34 |    82 |    28 ||   144
Dodge: Dodged            |    75 |   131 |    30 ||   236
